 Dungeon Crawl Stone Soup version 0.23-a0-650-ga4d50d4 (webtiles) character file.

168141 Lanoc the Brawler (level 17, -8/154 HPs)
             Began as a Troll Monk on Jan 5, 2019.
             Was the Champion of Qazlal.
             Killed from afar by a shock serpent (21 damage)
             ... with a bolt of electricity
             ... on level 2 of the Snake Pit.
             The game lasted 01:20:50 (25199 turns).

Lanoc the Brawler (Troll Monk)                     Turns: 25199, Time: 01:20:50

Health: -8/154     AC: 16    Str: 28    XL:     17   Next: 8%
Magic:  0/27       EV: 13    Int:  9    God:    Qazlal [******]
Gold:   1327       SH: 10    Dex: 12    Spells: 16/16 levels left

rFire    + + .     SeeInvis .     - Unarmed
rCold    . . .     Gourm    +   (no shield)
rNeg     . . .     Faith    .   H - +0 fire dragon scales
rPois    +         Spirit   +   s - +0 hat
rElec    .         Reflect  +   h - scarf {Spirit}
rCorr    +         Harm     .   (gloves unavailable)
MR       ++...                  (boots unavailable)
Stlth    ..........             D - +2 amulet of reflection
HPRegen  0.75/turn              U - ring "Waympell" {rPois rC+ MR+ Int+3}
MPRegen  0.20/turn              F - ring of resist corrosion

@: very slightly contaminated, repel missiles
A: large, unfitting armour, claws 3, hooves 1, molten scales 1, fast metabolism
3, frail 1, gourmand, high mp 1, regeneration 1, shaggy fur 1, tough skin 2
}: 1/15 runes: decaying
a: Upheaval, Elemental Force, Disaster Area, Renounce Religion


You were on level 2 of the Snake Pit.
You worshipped Qazlal.
Qazlal was exalted by your worship.
You were not hungry.

You visited 7 branches of the dungeon, and saw 31 of its levels.
You also visited: Ice Cave and Volcano.

You collected 3155 gold pieces.
You spent 1828 gold pieces at shops.

Inventory:

Hand Weapons
 S - a +4 scimitar of flaming
Missiles
 J - 6 large rocks (quivered)
Armour
 h - a scarf of spirit shield (worn)
 s - a +0 hat (worn)
 H - +0 fire dragon scales (worn)
Jewellery
 D - a +2 amulet of reflection (around neck)
 F - a ring of resist corrosion (right claw)
 O - an uncursed ring of positive energy
 U - the ring "Waympell" (left claw) {rPois rC+ MR+ Int+3}
   (You bought it in a shop on level 7 of the Dungeon)

   [ring of protection from magic]

   It affects your intelligence (+3).
   It protects you from cold.
   It protects you from poison.
   It affects your resistance to hostile enchantments.
Wands
 a - a wand of disintegration (16)
 g - a wand of paralysis (18)
 q - a wand of flame (32)
 w - a wand of iceblast (16)
 z - a wand of acid (12)
 E - a wand of enslavement (11)
 G - a wand of digging (4)
 K - a wand of scattershot (5)
 L - a wand of clouds (8)
 Z - a wand of random effects (11)
Scrolls
 c - 4 scrolls of enchant armour
 d - 12 scrolls of remove curse
 l - 2 scrolls of enchant weapon
 n - 6 scrolls of teleportation
 p - 6 scrolls of immolation
 t - 2 scrolls of magic mapping
 B - 5 scrolls of fear
 C - 2 scrolls of brand weapon
 I - 4 scrolls of amnesia
 P - 8 scrolls of identify
 Q - 5 scrolls of fog
 X - 2 scrolls of holy word
Potions
 e - 7 potions of might
 f - 3 potions of berserk rage
 i - 4 potions of agility
 j - 2 potions of mutation
 k - 3 potions of cancellation
 m - 6 potions of brilliance
 o - a potion of ambrosia
 r - 4 potions of invisibility
 v - a potion of magic
 x - 6 potions of curing
 N - 2 potions of haste
 R - 3 potions of resistance
 W - 3 potions of flight
Miscellaneous
 u - a box of beasts
 y - 2 phantom mirrors
 A - a sack of spiders
 V - a lightning rod (4/4)
Comestibles
 b - 39 rations
 Y - 5 chunks of flesh


   Skills:
 + Level 11.7 Fighting
 + Level 8.7 Armour
 + Level 11.7 Dodging
 - Level 1.0 Stealth
 * Level 18.3 Unarmed Combat
 + Level 11.7 Invocations


You had 16 spell levels left.
You didn't know any spells.
Your spell library contained the following spells:

 Spells                   Type           Power        Failure   Level  Hunger
 Animate Skeleton         Necr           N/A          65%         1    ##.....
 Beastly Appendage        Tmut           #.....       65%         1    ##.....
 Flame Tongue             Conj/Fire      #....        65%         1    ##.....
 Freeze                   Ice            #...         65%         1    ##.....
 Infusion                 Chrm           #...         65%         1    ##.....
 Magic Dart               Conj           #...         65%         1    ##.....
 Blink                    Tloc           N/A          80%         2    ###....
 Call Imp                 Summ           #.......     80%         2    ###....
 Corpse Rot               Necr           N/A          80%         2    ###....
 Searing Ray              Conj           #.....       80%         2    ###....
 Slow                     Hex            #.......     80%         2    ###....
 Sticks to Snakes         Tmut           #.......     80%         2    ###....
 Sublimation of Blood     Necr           #.........   80%         2    ###....
 Throw Flame              Conj/Fire      #.....       80%         2    ###....
 Throw Frost              Conj/Ice       #.....       80%         2    ###....
 Conjure Flame            Conj/Fire      #.......     95%         3    ####...
 Dazzling Spray           Conj/Hex       #.....       95%         3    ####...
 Inner Flame              Hex/Fire       #.......     95%         3    ####...
 Mephitic Cloud           Conj/Pois/Air  #.......     95%         3    ####...
 Ozocubu's Armour         Chrm/Ice       #.......     95%         3    ####...
 Recall                   Summ/Tloc      N/A          95%         3    ####...
 Spider Form              Tmut/Pois      #.........   95%         3    ####...
 Vampiric Draining        Necr           #.........   95%         3    ####...
 Animate Dead             Necr           N/A          100%        4    #####..
 Force Lance              Conj/Tloc      #.......     100%        4    #####..
 Fulminant Prism          Conj/Hex       #.........   100%        4    #####..
 Ice Form                 Ice/Tmut       #.......     100%        4    #####..
 Iskenderun's Mystic Bla  Conj           #.......     100%        4    #####..
 Sticky Flame             Conj/Fire      #.......     100%        4    #####..
 Summon Ice Beast         Ice/Summ       #.......     100%        4    #####..
 Throw Icicle             Conj/Ice       #.......     100%        4    #####..
 Agony                    Necr           #.......     100%        5    ######.
 Blade Hands              Tmut           #.........   100%        5    ######.
 Bolt of Draining         Conj/Necr      #.........   100%        5    ######.
 Bolt of Magma            Conj/Fire/Erth #.........   100%        5    ######.
 Borgnjor's Vile Clutch   Necr/Erth      #.........   100%        5    ######.
 Dispel Undead            Necr           #.......     100%        5    ######.
 Excruciating Wounds      Chrm/Necr      #.........   100%        5    ######.
 Fireball                 Conj/Fire      #.........   100%        5    ######.
 Iskenderun's Battlesphe  Conj/Chrm      #.......     100%        5    ######.
 Venom Bolt               Conj/Pois      #.........   100%        5    ######.
 Death Channel            Necr           #.........   100%        6    #######
 Iron Shot                Conj/Erth      #.........   100%        6    #######
 Simulacrum               Ice/Necr       #.........   100%        6    #######
 Orb of Destruction       Conj           #.........   100%        7    #######
 Spellforged Servitor     Conj/Summ      #.........   100%        7    #######


Dungeon Overview and Level Annotations

Branches:
Dungeon (15/15)            Temple (1/1) D:5            Lair (6/6) D:9
  Swamp (4/4) Lair:4        Snake (1/4) Lair:2        Slime (0/5) Lair:5
    Orc (2/2) D:9             Elf (0/3) Orc:2        Vaults (0/5) D:13
 Depths (1/5) D:15

Altars:
Ashenzari
Cheibriados
Dithmenos
Elyvilon
Fedhas
Gozag
Hepliaklqana
Kikubaaqudgha
Makhleb
Nemelex Xobeh
Okawaru
Qazlal
Ru
Sif Muna
Trog
Uskayaw
Vehumet
Wu Jian
Xom
Yredelemnul
Zin
The Shining One
Beogh
Jiyva

Shops:
D:6 *   D:7 =!*[   D:8 [   Orc:2 [}}!

Annotations:
D:11 2 transporters, Killmatronix's ghost, journeyman HaFi
D:15 load of enemies in depths stair


Innate Abilities, Weirdness & Mutations

You are too large for most types of armour.
You have claws for hands.
Your metabolism is lightning-fast.
You like to eat raw meat.
Your natural rate of healing is unusually fast.
You are covered in fur. (AC +1)
You have very tough skin. (AC +2)
You have large cloven feet.
You are partially covered in molten scales. (AC +2)
You are frail. (-10% HP)
You have an increased reservoir of magic. (+10% MP)


Message History

You hear an angry hiss.
You hear a shout!
The electric eel shoots out a bolt of lightning at you!
The bolt of electricity hits you!
* * * LOW HITPOINT WARNING * * *
You enter the shallow water.
Moving in this stuff is going to be slow.
You hear an angry hiss.
The electric eel seems to regain its courage.
An electric eel comes into view.
Found 18 gold pieces.
The electric eel shoots out a bolt of lightning at you!
The bolt of electricity hits the plant.
The bolt of electricity hits you!
* * * LOW HITPOINT WARNING * * *
You hear an angry hiss. x2
The shock serpent barely misses you.
You hear an angry hiss.
The shock serpent shoots out a bolt of lightning at you!
The bolt of electricity hits you!
You die...

.. ## ##.#
## .# .....
.# .# ..
....##.# .#
.N .....$##
.# .#
#.#.☼..#####
.####.#
#.#.§.☼.....
......#
#...@#○####
##....#


#PPP§○PP.P# ......# #P≈S♣P≈PP.≈P ...†..# #≈S≈≈°♣≈♣♣≈≈ ....### #§P≈.≈≈≈♣ ....#
##...#.≈≈P≈♣ ..(## #..###..PPP♣ ..^# #######.## #.PPPP♣ ..## PP....#.# N.PP♣≈
You could see a shock serpent and a mana viper.

Vanquished Creatures
  Rupert (Lair:5)
  An Ice Fiend (IceCv)
  Gastronok (D:8)
  Frances (D:12)
  2 thorn hunters
  Azrael (D:15)
  Snorg (Lair:3)
  Erolcha (Orc:2)
  29 hydras
  Harold (Lair:1)
  2 ghost crabs
  2 vault guards (D:13)
  6 anacondas (Snake:2)
  A catoblepas (Lair:6)
  5 two-headed ogres
  Erica (Lair:2)
  2 centaur warriors
  10 alligators
  2 ogre magi (Orc:2)
  A deep troll shaman (Lair:6)
  4 death yaks (Lair:6)
  Urug (Lair:2)
  Sonja (Lair:1)
  Nergalle (D:9)
  2 skeletal warriors (Volcano)
  2 spriggan druids (Swamp:2)
  12 swamp dragons
  An unseen horror (D:13)
  2 necromancers
  A deep elf mage (D:14)
  A wolf spider zombie (D:15)
  10 orc sorcerers
  An anaconda skeleton (Volcano)
  A mana viper (Snake:2)
  6 oklob plants
  10 ugly things
  2 manticores
  2 cyclopes
  Maurice (D:10)
  10 elephants
  6 black mambas
  Psyche (D:11)
  5 naga magi
  A molten gargoyle (D:15)
  4 gargoyles
  An ice statue (IceCv)
  2 torpor snails
  26 spiny frogs
  A rime drake (Lair:3)
  A kobold demonologist (D:12)
  An anaconda simulacrum (IceCv)
  6 komodo dragons
  A tengu conjurer (D:15)
  4 ice devils (IceCv)
  A komodo dragon (shapeshifter) (D:15)
  4 freezing wraiths
  3 yaktaurs (D:11)
  A golden dragon simulacrum (IceCv)
  3 trolls
  A polar bear (Lair:6)
  7 hornets
  8 tyrant leeches
  5 blink frogs (Lair:2)
  11 slime creatures
  A meliai zombie (D:12)
  13 bog bodies
  5 dream sheep
  15 hippogriffs
  2 water elementals (D:15)
  3 flying skulls (Volcano)
  2 shadows
  5 spriggans
  3 wraiths
  An alligator skeleton (Volcano)
  5 wyverns
  3 fire bats (Lair:6)
  4 dire elephant simulacra (IceCv)
  46 yaks
  A steam dragon (D:12)
  A vampire (D:15)
  4 fire elementals (D:15)
  9 humans (D:13)
  A basilisk (Lair:6)
  2 death yak simulacra (IceCv)
  13 vampire mosquitoes
  6 nagas
  4 hydra simulacra (IceCv)
  3 harpy simulacra (IceCv)
  2 wargs (Orc:2)
  13 swamp worms
  An acid dragon (D:12)
  18 water moccasins
  2 iron troll simulacra (IceCv)
  4 hell hounds (D:15)
  12 porcupines
  15 swamp drakes
  8 black bears
  18 orc warriors
  The ghost of Lanoc the Chucker, an amateur TrHu of Trog (D:4)
  5 ice beasts
  A necrophage (D:9)
  4 phantoms
  3 sky beasts
  An alligator simulacrum (IceCv)
  14 ogres
  23 wolves
  10 centaurs
  11 crocodiles
  13 bullfrogs
  5 scorpions
  A hornet simulacrum (D:15)
  14 killer bees
  A troll skeleton (Volcano)
  A howler monkey (D:8)
  A spriggan skeleton (Volcano)
  2 electric eels
  6 quasits
  5 centaur zombies
  6 crimson imps
  A draconian simulacrum (IceCv)
  A bullfrog skeleton (D:4)
  3 hounds
  20 orc priests
  4 centaur skeletons
  8 iguanas
  3 jellies
  34 orc wizards
  2 hell rats (Lair:2)
  6 polar bear simulacra
  3 troll simulacra (IceCv)
  6 worker ants
  A wolf simulacrum (Lair:6)
  A centaur simulacrum (IceCv)
  A naga skeleton (Volcano)
  A worker ant zombie (D:4)
  10 adders
  4 gnolls (D:3)
  4 naga simulacra (IceCv)
  2 ogre simulacra (IceCv)
  12 river rats (Lair:2)
  A shadow imp (D:13)
  6 white imps (IceCv)
  6 ufetubi (IceCv)
  3 oozes
  2 adder zombies
  2 worms (D:3)
  A dart slug (D:2)
  A leopard gecko (D:9)
  83 orcs
  A giant cockroach (D:4)
  4 goblins
  4 quokkas
  A ball python (D:5)
  2 ball python skeletons (D:4)
  3 bats (D:3)
  A frilled lizard (D:3)
  2 jackal skeletons
  A leopard gecko skeleton (D:9)
  A leopard gecko zombie (D:5)
  4 rats
  6 river rat simulacra (Lair:6)
  3 briar patches (Swamp:1)
884 creatures vanquished.

Vanquished Creatures (others)
  2 yaktaurs
  A human (D:13)
  An eye of draining (D:10)
  A sky beast (D:5)
  An orc wizard (Orc:2)
  2 white imps (IceCv)
  5 ufetubi (IceCv)
  4 orcs
  10 fungi
  28 plants
55 creatures vanquished.

Grand Total: 939 creatures vanquished

Notes
Turn   | Place    | Note
-------+----------+-------------------------------------------
     0 | D:1      | Lanoc the Troll Monk began the quest for the Orb.
     0 | D:1      | Reached XP level 1. HP: 22/22 MP: 0/0
     9 | D:1      | You fall through a shaft!
   119 | D:3      | Reached XP level 2. HP: 16/29 MP: 1/1
   132 | D:3      | Reached XP level 3. HP: 12/36 MP: 2/2
   322 | D:3      | Reached skill level 4 in Unarmed Combat
   363 | D:3      | Reached XP level 4. HP: 40/44 MP: 3/3
   438 | D:4      | Reached XP level 5. HP: 38/53 MP: 4/4
   485 | D:4      | Found a runed gate.
   486 | D:4      | Found a runed gate.
   487 | D:4      | Found a runed gate.
   490 | D:4      | Noticed Lanoc's ghost (amateur TrHu)
   514 | D:4      | Killed Lanoc's ghost
   514 | D:4      | Reached skill level 5 in Unarmed Combat
   514 | D:4      | Reached XP level 6. HP: 36/61 MP: 5/5
   767 | D:4      | Reached skill level 6 in Unarmed Combat
   778 | D:4      | Reached XP level 7. HP: 41/68 MP: 6/6
  1218 | D:5      | Entered Level 5 of the Dungeon
  1271 | D:5      | Reached skill level 7 in Unarmed Combat
  1485 | D:5      | Found a staircase to the Ecumenical Temple.
  1494 | Temple   | Entered the Ecumenical Temple
  1796 | Temple   | Became a worshipper of Qazlal Stormbringer
  1796 | Temple   | Reached * piety under Qazlal
  1796 | Temple   | Reached ** piety under Qazlal
  1890 | D:5      | Reached XP level 8. HP: 67/79 MP: 7/7
  2048 | D:5      | Found a burning altar of Makhleb.
  2048 | D:5      | Noticed a blizzard demon
  2229 | D:6      | Reached skill level 1 in Invocations
  2236 | D:6      | Found an ancient bone altar of Kikubaaqudgha.
  2507 | D:6      | Found Samimase's Sacrilege Store.
  2647 | D:7      | Found Genucoxt's Distillery.
  2681 | D:7      | Gained mutation: You are partially covered in molten
                  | scales. (AC +2) [potion of mutation]
  2681 | D:7      | Gained mutation: You are frail. (-10% HP) [potion of
                  | mutation]
  2681 | D:7      | Gained mutation: You have an increased reservoir of magic.
                  | (+10% MP) [potion of mutation]
  2681 | D:7      | Gained mutation: You have large cloven feet. [potion of
                  | mutation]
  2872 | D:7      | Reached skill level 5 in Fighting
  2872 | D:7      | Reached skill level 5 in Dodging
  2872 | D:7      | Reached skill level 8 in Unarmed Combat
  2956 | D:7      | Bought 2 potions of might for 96 gold pieces
  2956 | D:7      | Bought a potion of brilliance for 48 gold pieces
  2991 | D:7      | Found Zenuin's General Store.
  3087 | D:7      | Found Xeip's Jewellery Boutique.
  3214 | D:7      | Reached XP level 9. HP: 79/79 MP: 9/11
  3241 | D:7      | Found Rabae's Antique Armour Boutique.
  3845 | D:8      | Found Puutz's Antique Armour Shoppe.
  3857 | D:8      | Noticed Gastronok
  3871 | D:8      | Killed Gastronok
  3871 | D:8      | Reached skill level 10 in Unarmed Combat
  3916 | D:8      | Reached XP level 10. HP: 81/88 MP: 13/13
  4070 | D:8      | You fall through a shaft!
  4169 | D:9      | Reached *** piety under Qazlal
  4228 | D:9      | Found a staircase to the Lair.
  4345 | D:9      | Noticed a two-headed ogre
  4349 | D:9      | Killed a two-headed ogre
  4349 | D:9      | Reached skill level 5 in Invocations
  4373 | D:9      | Noticed a two-headed ogre
  4378 | D:9      | Killed a two-headed ogre
  4480 | D:9      | Found a sacrificial altar of Ru.
  4488 | D:9      | Paralysed by a hornet for 1 turns
  4490 | D:9      | Paralysed by a hornet for 1 turns
  4490 | D:9      | Reached skill level 11 in Unarmed Combat
  4607 | D:9      | Found a staircase to the Orcish Mines.
  4867 | D:10     | Entered Level 10 of the Dungeon
  4867 | D:10     | Noticed Maurice
  4944 | D:10     | Noticed Nergalle
  5102 | D:9      | Killed Nergalle
  5204 | D:10     | Reached **** piety under Qazlal
  5205 | D:10     | Reached XP level 11. HP: 58/97 MP: 15/15
  5449 | D:10     | Killed Maurice
  5467 | D:10     | Found a burning altar of Makhleb.
  5783 | D:11     | Reached skill level 12 in Unarmed Combat
  5828 | D:11     | Found a transporter.
  5831 | D:11     | Noticed Killmatronix's ghost (journeyman HaFi)
  5832 | D:11     | Noticed a death knight
  5937 | D:11     | Noticed a two-headed ogre
  5944 | D:11     | Killed a two-headed ogre
  6033 | D:11     | Found a transporter.
  6352 | D:11     | Reached ***** piety under Qazlal
  6457 | D:11     | Noticed Psyche
  6468 | D:11     | Killed Psyche
  6912 | D:12     | Noticed a soul eater
  6912 | D:12     | Reached XP level 12. HP: 106/106 MP: 18/18
  7050 | D:12     | Reached skill level 13 in Unarmed Combat
  7428 | D:13     | Noticed a two-headed ogre
  7433 | D:13     | Noticed Frances
  7444 | D:12     | Killed a two-headed ogre
  7452 | D:12     | Killed Frances
  7452 | D:12     | Reached skill level 1 in Armour
  7833 | D:13     | Noticed a six-headed hydra
  7942 | D:13     | Killed a six-headed hydra
  8147 | D:13     | Noticed a vault guard
  8156 | D:13     | Killed a vault guard
  8170 | D:13     | Noticed a vault guard
  8181 | D:13     | Killed a vault guard
  8378 | D:13     | Found a gate to the Vaults.
  8418 | D:13     | Found a shadowy altar of Dithmenos.
  8642 | D:14     | Reached XP level 13. HP: 100/117 MP: 20/20
  8644 | D:14     | Reached skill level 14 in Unarmed Combat
  8828 | D:14     | You fall through a shaft!
  8828 | D:15     | Entered Level 15 of the Dungeon
  9631 | D:15     | Noticed Azrael
  9674 | D:15     | Killed Azrael
 10214 | D:15     | Reached ****** piety under Qazlal
 10565 | D:15     | Found a staircase to the Depths.
 10791 | Orc:1    | Entered Level 1 of the Orcish Mines
 10991 | Orc:2    | Entered Level 2 of the Orcish Mines
 11134 | Orc:2    | Found a staircase to the Elven Halls.
 11402 | Orc:2    | Reached skill level 15 in Unarmed Combat
 11421 | Orc:2    | Found Netec's Antique Armour Boutique.
 11451 | Orc:2    | Found Ranaeg's Distillery.
 11476 | Orc:2    | Reached skill level 5 in Armour
 11476 | Orc:2    | Reached XP level 14. HP: 126/126 MP: 21/21
 11487 | Orc:2    | Found an ancient bone altar of Kikubaaqudgha.
 11514 | Orc:2    | Noticed Erolcha
 11526 | Orc:2    | Killed Erolcha
 11535 | Orc:2    | Found a radiant altar of Vehumet.
 11555 | Orc:2    | Found a roughly hewn altar of Beogh.
 11555 | Orc:2    | Found Qeucoovi's Gadget Shop.
 11563 | Orc:2    | Found Riaxzemn's Gadget Boutique.
 11605 | Orc:2    | Bought a potion of heal wounds for 70 gold pieces
 11740 | Orc:2    | Found a burning altar of Makhleb.
 12035 | Orc:2    | Bought a phantom mirror for 510 gold pieces
 12035 | Orc:2    | Bought a phantom mirror for 510 gold pieces
 12137 | Lair:1   | Entered Level 1 of the Lair of Beasts
 12146 | Lair:1   | Noticed Harold
 12161 | Lair:1   | Killed Harold
 12553 | Lair:1   | Got an ivory dagger
 12554 | Lair:1   | Identified the cursed +0 dagger of Gallantry {pierce, +Fly
                  | rF- MR+} (You found it on level 1 of the Lair of Beasts)
 12631 | Lair:1   | Noticed Sonja
 12659 | Lair:1   | Killed Sonja
 13205 | Lair:2   | Reached skill level 10 in Fighting
 13282 | Lair:2   | Noticed Urug
 13307 | Lair:2   | Killed Urug
 13340 | Lair:2   | Found a staircase to the Snake Pit.
 13363 | Lair:2   | Reached skill level 10 in Dodging
 13373 | Lair:2   | Noticed Erica
 13385 | Lair:2   | Killed Erica
 14094 | Lair:3   | Noticed Snorg
 14102 | Lair:3   | Killed Snorg
 14434 | Lair:3   | Got a smoking war axe
 14435 | Lair:3   | Identified the cursed +1 war axe of a treasure trove
                  | {venom, rF- rC+ Dex+3} (You found it on level 3 of the Lair
                  | of Beasts)
 15019 | Lair:3   | Reached skill level 16 in Unarmed Combat
 15019 | Lair:3   | Reached skill level 10 in Invocations
 15115 | Lair:4   | You fall through a shaft!
 15192 | Lair:5   | Found a staircase to the Slime Pits.
 15193 | Lair:5   | Found a viscous altar of Jiyva.
 15533 | Lair:5   | Noticed Rupert
 15540 | Lair:5   | Paralysed by Rupert for 3 turns
 15555 | Lair:5   | Killed Rupert
 15555 | Lair:5   | Reached XP level 15. HP: 72/136 MP: 23/23
 16251 | Lair:6   | Entered Level 6 of the Lair of Beasts
 16408 | Lair:6   | Found a dark tunnel.
 16464 | Volcano  | Entered a volcano
 17934 | Lair:4   | Found a burning altar of Makhleb.
 18111 | Lair:4   | Found a staircase to the Swamp.
 18983 | Depths:1 | Entered Level 1 of the Depths
 18983 | Depths:1 | Noticed a fire giant
 18984 | Depths:1 | Noticed a frost giant
 19357 | D:7      | Bought the ring "Waympell" {rPois rC+ MR+ Int+3} for 594
                  | gold pieces
 19446 | Snake:1  | Entered Level 1 of the Snake Pit
 19522 | Swamp:1  | Entered Level 1 of the Swamp
 19597 | Swamp:1  | Noticed a thorn hunter
 19631 | Swamp:1  | Killed a thorn hunter
 19806 | Swamp:1  | Reached skill level 17 in Unarmed Combat
 20757 | Swamp:2  | Reached XP level 16. HP: 118/145 MP: 20/25
 20858 | Swamp:1  | HP: 7/145 [spiny frog (11)]
 21154 | Swamp:2  | Identified the Catalogue of Boosting Black Rites
 21582 | Swamp:3  | Noticed a thorn hunter
 21594 | Swamp:2  | Killed a thorn hunter
 22037 | Swamp:3  | Found a frozen archway.
 22046 | IceCv    | Entered an ice cave
 22174 | IceCv    | Got a bloodstained robe
 22182 | IceCv    | Identified the +2 robe "Jeenorec" {-Cast rPois Str-2 SInv}
                  | (You found it in an ice cave)
 22904 | IceCv    | Noticed an Ice Fiend
 22917 | IceCv    | Killed an Ice Fiend
 23687 | Swamp:4  | Entered Level 4 of the Swamp
 23929 | Swamp:3  | Reached skill level 18 in Unarmed Combat
 24357 | Swamp:4  | Got a decaying rune of Zot
 25052 | Snake:1  | You fall through a shaft!
 25086 | Snake:2  | Reached XP level 17. HP: 82/154 MP: 16/27
 25173 | Snake:2  | HP: 7/154 [black mamba (8)]
 25199 | Snake:2  | Killed from afar by a shock serpent

Vault maps used:
D:1:      minmay_arrival_up_and_down
D:2:      first_ration
D:3:      kennysheep_generic_room_12
D:4:      gammafunk_ghost_necromancy
D:5:      wander_river, minmay_temple_entry_butterflies,
          makhleb_altar_promises_db
D:6:      nicolae_evil_shop
D:7:      serial_shops, shop, nicolae_shop_crystal, shop, shop, the_bakery
D:8:      serial_shops, shop, uniq_gastronok
D:9:      lemuel_doored_altar, dpeg_oklobed_lair, hiddenorc1_lemuel,
          serial_glass, glass_columns_b, glass_columns_a
D:10:     basic_altar, uniq_maurice, uniq_nergalle
D:11:     gammafunk_ghost_mausoleum, uniq_psyche
D:13:     ximxim_vaults_locker_room, grunt_decor_arrowhead,
          grunt_dithmenos_shadows, uniq_frances
D:14:     hex_medium, chequers_serial_rivers_large_a
D:15:     grunt_enter_depths_magical_seal, nicolae_lava_and_water, uniq_azrael
Temple:   compressed_dpeg_triangle_lava_temple
Lair:1:   dpeg_oklob_gauntlet, minivault_27, beast_lair_carwin_5, uniq_sonja,
          uniq_harold
Lair:2:   guppyfry_snake_entry_garden, kennysheep_rathole, uniq_urug, uniq_erica
Lair:3:   minmay_shattered_shrine, uniq_snorg
Lair:4:   minmay_swamp_entry_reptiles, basic_altar,
          nicolae_quartered_pool_little, minivault_19,
          minmay_lair_oklob_chamber, lemuel_fruit_tree, grunt_megastairs_3
Lair:5:   slime_altar_1, beast_lair_carwin_8, serial_bayou_shore_b, uniq_rupert
Lair:6:   grunt_lair_end_beastmaster, nicolae_volcano_entry_batcave,
          eino_house_with_fridge
Swamp:1:  infiniplex_staircase_pool
Swamp:2:  hangedman_swamp_pad, swamp_pool1
Swamp:3:  portal_ice_cave_entry_pillars_three, evilmike_swamp_ruin_rubble_1
Swamp:4:  grunt_swamp_rune_castle
Snake:2:  serial_bayou, serial_bayou_pond_c, serial_bayou_crossing,
          serial_bayou_lagoon_a, serial_bayou_shore_a, serial_bayou_pond_b,
          serial_bayou_pond_d, nrook_guardian_serpent_ordinary
Orc:1:    serial_shops, shop, trog_butcher_becter
Orc:2:    kennysheep_orc_mage_school, basic_altar
Depths:1: enter_ziggurat_a, hell_entry, minmay_misc_feat_hallway,
          kennysheep_two_boxes, grunt_megastairs_2, firewood_loft, uniq_nikola
IceCv:    ice_cave_caverns_02
Volcano:  volcano_tomb

Skill      XL: |  1  2  3  4  5  6  7  8  9 10 11 12 13 14 15 16 |
---------------+-------------------------------------------------+-----
Unarmed Combat | 4 5 6 7 8 10 11 12 13 15 16 17 18 | 18.3
Dodging        | 3 4 5 6 7 8 9 10 11 | 11.7
Fighting       | 3 4 5 6 7 8 9 10 11 | 11.7
Invocations    | 2 4 5 7 8 9 10 11 | 11.7
Armour         | 3 5 6 7 8 |  8.7
Stealth        | |  1.0

Action                   |  1- 3 |  4- 6 |  7- 9 | 10-12 | 13-15 | 16-18 || total
-------------------------+-------+-------+-------+-------+-------+-------++-------
Melee: Unarmed           |    59 |   114 |   176 |   469 |  1086 |   421 ||  2325
       Punch             |     1 |     1 |     6 |    25 |    99 |    61 ||   193
       Kick              |       |       |    22 |   136 |   416 |   201 ||   775
       Scimitar          |       |       |       |       |    48 |    60 ||   108
  Use: Potion            |       |       |     9 |     3 |     5 |     6 ||    23
       Scroll            |       |       |    11 |     6 |    15 |     8 ||    40
 Stab: Sleeping          |     1 |       |       |       |       |       ||     1
  Eat: Chunk             |     6 |     7 |    27 |    44 |    97 |    32 ||   213
       Ration            |       |       |       |       |     2 |     3 ||     5
Armor: Robe              |    34 |    32 |    39 |    58 |       |    21 ||   184
       Steam dragon scal |       |       |       |    41 |       |       ||    41
       Fire dragon scale |       |       |       |    14 |   439 |   287 ||   740
       Skin              |       |       |       |       |       |     1 ||     1
Dodge: Dodged            |    44 |    41 |   107 |   196 |   530 |   393 ||  1311
       Deflected         |       |       |       |     6 |    27 |    11 ||    44
Block: Other             |       |       |     5 |   113 |   489 |   323 ||   930
       Reflection        |       |       |       |     4 |    23 |     8 ||    35
       Rpst.: Scimitar   |       |       |       |       |    15 |    12 ||    27

Table legend:
 A = Non-vault XP
 B = Vault XP
 C = Vault XP percentage of total XP
 D = Non-vault monster count
 E = Vault monster count
 F = Vault count percentage of total count
                 A         B        C        D         E       F
            +---------+---------+-------+---------+---------+-------
      Total |  133504 |   88126 |  39.8 |     601 |     284 |  32.1
            +---------+---------+-------+---------+---------+-------
        D:1 |       3 |       0 |   0.0 |       2 |       0 |   0.0
        D:2 |       4 |       0 |   0.0 |       1 |       0 |   0.0
        D:3 |     142 |       2 |   1.4 |      20 |       2 |   9.1
        D:4 |     656 |     146 |  18.2 |      31 |       3 |   8.8
        D:5 |     575 |       0 |   0.0 |      16 |       0 |   0.0
        D:6 |     235 |       0 |   0.0 |       5 |       0 |   0.0
        D:7 |     936 |     220 |  19.0 |      25 |       1 |   3.8
        D:8 |     370 |    2245 |  85.9 |       7 |       1 |  12.5
        D:9 |    3871 |     977 |  20.2 |      25 |      18 |  41.9
       D:10 |    3011 |     485 |  13.9 |      35 |       1 |   2.8
       D:11 |    4794 |     448 |   8.5 |      24 |       1 |   4.0
       D:12 |    6203 |    2213 |  26.3 |      30 |       1 |   3.2
       D:13 |    5147 |    3729 |  42.0 |      22 |      12 |  35.3
       D:14 |    9794 |       0 |   0.0 |      28 |       0 |   0.0
       D:15 |    4201 |    6833 |  61.9 |      21 |      17 |  44.7
     Lair:1 |    3296 |    4479 |  57.6 |      17 |      12 |  41.4
     Lair:2 |    6559 |    2158 |  24.8 |      29 |      17 |  37.0
     Lair:3 |    3239 |    5913 |  64.6 |      13 |      12 |  48.0
     Lair:4 |    3962 |    2809 |  41.5 |      17 |       9 |  34.6
     Lair:5 |    4404 |    4601 |  51.1 |      21 |       9 |  30.0
     Lair:6 |    7872 |   11067 |  58.4 |      34 |      34 |  50.0
    Swamp:1 |   15519 |       0 |   0.0 |      34 |       0 |   0.0
    Swamp:2 |   15826 |       0 |   0.0 |      30 |       0 |   0.0
    Swamp:3 |   15545 |    7031 |  31.1 |      32 |       9 |  22.0
    Swamp:4 |    1901 |   11522 |  85.8 |       6 |      26 |  81.2
    Snake:1 |    1644 |       0 |   0.0 |       5 |       0 |   0.0
    Snake:2 |    8863 |       0 |   0.0 |      15 |       0 |   0.0
      Orc:1 |    1651 |       0 |   0.0 |      16 |       0 |   0.0
      Orc:2 |    3281 |    7899 |  70.7 |      40 |      34 |  45.9
      IceCv |       0 |    9321 | 100.0 |       0 |      52 | 100.0
    Volcano |       0 |    4028 | 100.0 |       0 |      13 | 100.0
            +---------+---------+-------+---------+---------+-------
